 Dungeon Crawl Stone Soup version 0.28.0-53-g5a82cb258f (webtiles) character file.

Game seed: 10737586530174743097

35 dranuc9 the Conjurer (level 3, 0/19 HPs)
             Began as a Deep Elf Conjurer on July 1, 2022.
             Slain by Terence
             ... wielding a +0 mace
              (8 damage)
             ... on level 2 of the Dungeon.
             The game lasted 00:05:35 (1507 turns).

dranuc9 the Conjurer (Deep Elf Conjurer)            Turns: 1507, Time: 00:05:38

Health: 0/19       AC:  3    Str:  4    XL:     3   Next: 17%
Magic:  2/9        EV: 12    Int: 24    God:
Gold:   36         SH:  0    Dex: 13    Spells: 5/8 levels left

rFire   . . .      SeeInvis .   (no weapon)
rCold   . . .      Faith    .   (no shield)
rNeg    . . .      Spirit   .   a - +0 robe
rPois   .          Reflect  .   (no helmet)
rElec   .          Harm     .   k - +0 cloak {Stlth+}
rCorr   .          Rampage  .   (no gloves)
Will    .....                   (no boots)
Stlth   +++.......              (no amulet)
HPRegen 0.06/turn               (no ring)
MPRegen 0.11/turn               (no ring)

@: no status effects
A: no striking features
a: no special abilities


You were on level 2 of the Dungeon.
You visited 1 branch of the dungeon, and saw 2 of its levels.

You collected 36 gold pieces.

Inventory:

Missiles
 b - 37 arrows
Armour
 a - a +0 robe (worn)
 k - a +0 cloak of stealth (worn)
Scrolls
 d - a scroll of teleportation {unknown}
 e - 2 scrolls of identify {unknown}
 h - a scroll of vulnerability {unknown}
 j - a scroll of enchant weapon {unknown}
 n - a scroll of fog {unknown}
Potions
 c - a potion of haste {unknown}
 f - a potion of flight {unknown}
 g - a potion of curing {unknown}
 i - a potion of mutation {unknown}
 l - 3 potions of heal wounds {unknown}
 m - a potion of attraction {unknown}


   Skills:
 * Level 2.6 Dodging
 * Level 2.4 Stealth
 + Level 3.2 Spellcasting
 * Level 5.3 Conjurations


You had 5 spell levels left.
You knew the following spells:

 Your Spells              Type           Power      Damage    Failure   Level
a - Magic Dart            Conj           100%       1d8       1%          1
b - Searing Ray           Conj           58%        2d6       1%          2

Your spell library contained the following spells:

 Spells                   Type           Power      Damage    Failure   Level
 Dazzling Flash           Conj/Hex       32%        N/A       11%         3
 Fulminant Prism          Conj/Hex       8%         3d7       34%         4
 Iskenderun's Mystic Bla  Conj/Tloc      16%        2d5       34%         4


Dungeon Overview and Level Annotations

Branches:
Dungeon (2/15)

Altars:

Shops:
D:2 *

Annotations:
D:2 Terence


Message History

The magic dart hits the endoplasm.
The endoplasm is moderately wounded.
Casting: Magic Dart (safe; 1% risk of failure)
Confirm with . or Enter, or press ? or * to list all spells.
Aiming: Magic Dart (safe; 1% risk of failure)
Press: ? - help, Shift-Dir - straight line, f/p - endoplasm
Aim: an endoplasm (moderately wounded, 100% to hit)
The magic dart hits the endoplasm.
You kill the endoplasm!
Terence the Incautious comes into view.
He is wielding a +0 mace.
Casting: Magic Dart (safe; 1% risk of failure)
Confirm with . or Enter, or press ? or * to list all spells.
Okay, then.
Casting: Magic Dart (safe; 1% risk of failure)
Confirm with . or Enter, or press ? or * to list all spells.
Aiming: Searing Ray (safe; 1% risk of failure)
Press: ? - help, Shift-Dir - straight line, f - Terence
Aim: Terence, wielding a +0 mace and wearing a +0 scale mail (asleep, 100% to hit)
The searing ray hits Terence but does no damage.
Terence shouts! (Press . to maintain the ray.)
A giant cockroach comes into view.
The searing ray hits Terence.
Terence is moderately wounded.
The searing ray hits Terence.
Terence is moderately wounded.
The searing ray hits Terence but does no damage.
Terence is moderately wounded.
You finish channelling your searing ray.
Terence hits you with a +0 mace. Terence hits you with a +0 mace.
Casting: Searing Ray (safe; 1% risk of failure)
Confirm with . or Enter, or press ? or * to list all spells.
Aiming: Searing Ray (safe; 1% risk of failure)
Press: ? - help, Shift-Dir - straight line, f/p - Terence
Aim: Terence, wielding a +0 mace and wearing a +0 scale mail (moderately wounded, 82% to hit)
The searing ray misses Terence. (Press . to maintain the ray.) Terence hits you with a +0 mace!
You die...

.##.##.######....#
####.#######
.<.....##(.......########.#
##...####.##.......>.†....#
... # #......#########
..##.###......#
........#....##
..##.##.#.#.## #.##.#.#.#
#.......@# ########@# #B#
... ..## #..# #..# ....


You could see Terence and a giant cockroach.

Vanquished Creatures
  An adder (D:2)
  A worm (D:2)
  A ball python (D:1)
  5 endoplasms
  2 giant cockroaches
  4 kobolds
  2 quokkas (D:2)
  A bat (D:1)
  A frilled lizard (D:1)
  2 goblins (D:1)
  4 rats
24 creatures vanquished.

Vanquished Creatures (others)
  38 plants (D:1)
38 creatures vanquished.

Grand Total: 62 creatures vanquished

Notes
Turn   | Place    | Note
-------+----------+-------------------------------------------
     0 | D:1      | dranuc9 the Deep Elf Conjurer began the quest for the Orb.
     0 | D:1      | Reached XP level 1. HP: 10/10 MP: 6/6
   152 | D:1      | Found a faded altar of an unknown god.
   245 | D:1      | Reached XP level 2. HP: 15/15 MP: 0/8
   747 | D:2      | Learned a level 2 spell: Searing Ray
   818 | D:2      | Reached skill level 5 in Conjurations
   959 | D:2      | Found Kyos's Assorted Antiques.
  1239 | D:2      | Reached XP level 3. HP: 19/19 MP: 6/9
  1501 | D:2      | Noticed Terence
  1507 | D:2      | Slain by Terence

Illustrated notes

Levels and vault maps discovered:
D:1:      roderic_crop_circles_arrival_small, layout_rooms,
          shapermc_ecumenical_altar_flowoftime, chequers_serial_rivers_micro_a
D:2:      layout_loops_corners, serial_shops, nicolae_shop_trees, uniq_natasha,
          uniq_terence

Skill      XL: |  1  2 |
---------------+-------+-----
Conjurations   | 5 |  5.3
Dodging        | |  2.6
Stealth        | |  2.4
Spellcasting   | |  3.2

Action                   || total
-------------------------++-------
Melee: Unarmed           ||    11
 Cast: Magic Dart        ||    46
       Searing Ray       ||     4
Armor: Robe              ||     2
